wvc, chaotic male human Barbarian --- --.-- --.... |..... --..... |...h.. --...@. |..... --.. |.... |.... |......... --..........--------.....--- --..|.|...)..............<. --.----------......-- wvc the Bandit Experience level: 7 Strength: 18 Dexterity: 18 Constitution: 18 Intelligence: 7 Wisdom: 8 Charisma: 7 Health: 0(75) Energy: 13(13) AC: 8 Gold: 51 Moves: 1675 Your Inventory: Coins $ - 51 gold pieces Weapons a - an uncursed greased rusty +0 battle-axe (weapon in hands) b - an uncursed +0 short sword (alternate weapon; not wielded) Armor c - an uncursed rusty +0 ring mail (being worn) Comestibles d - an uncursed food ration f - an uncursed cream pie k - an uncursed lichen corpse Scrolls z - an uncursed scroll labeled VAS CORP BET MANI [of enchant armor] Spellbooks s - an uncursed tartan spellbook [of haste self] Potions x - a cursed potion of gain level Rings i - a cursed -2 ring of gain strength r - a cursed -1 ring of gain constitution Wands m - an uncursed copper wand [of magic missile (0:4)] q - an uncursed bamboo wand [of digging (0:4)] y - an uncursed bamboo wand [of digging (0:4)] A - an uncursed bamboo wand [of digging (0:3)] B - an [uncursed] zinc wand [of speed monster (0:3)] Tools e - an uncursed oil lamp (0:1126) o - an uncursed bag [sack] v - a blessed can of grease [0:0] w - 2 uncursed [tallow] candles D - an [uncursed] magic marker [0:45] Spells known in the end: Name Level Category Fail Memory Your skills at the end: Fighting Skills bare handed combat [Basic / Master] Weapon Skills axe [Basic / Expert] short sword [Basic / Expert] Spellcasting Skills Final Attributes: You were devoutly aligned. Hunger level was 742. Your alignment was 18 / 18. Monster difficulty range was 1 - 6. Level difficulty was 6. You were immune to poison. You were fast. Your luck was zero. You are dead. Vanquished creatures: a small mimic a water nymph 4 Uruk-hai 5 gnome lords 2 gnomish wizards a ghoul a kitten 8 dwarves a kobold shaman an iguana an acid blob 2 hobbits a hobgoblin 2 cave spiders a red mold 31 gnomes a gnome zombie a gecko a jackal a kobold 2 lichens a newt 70 creatures vanquished. Voluntary challenges: You followed a strict vegan diet. You used a wielded weapon 78 times. You read items or engraved 5 times. You put on armor 1 time. You never genocided any monsters. You never polymorphed an object. You never changed form. You used no wishes. You never wrote Elbereth's name. You never encountered a bones level. You never used any Sokoban shortcuts. Dungeon overview: The Dungeons of Doom: levels 1 to 2 Level 1 a long staircase Level 2 stairs to The Gnomish Mines The Gnomish Mines: levels 3 to 6 Level 3 stairs to The Dungeons of Doom Level 5 some shops, a temple, a magic chest, some fountains Level 6 <- You were here History has recorded: On T:1 you entered the Dungeons of Doom to retrieve the Amulet of Yendor! On T:380 you reached level 2 of The Dungeons of Doom. On T:510 you reached level 1 of The Gnomish Mines. On T:518 you advanced to experience level 2. On T:522 you advanced to experience level 3. On T:559 you advanced to experience level 4. On T:734 you advanced to experience level 5. On T:840 you advanced to experience level 6. On T:929 you reached level 2 of The Gnomish Mines. On T:1082 you advanced to experience level 7. On T:1256 you reached level 3 of The Gnomish Mines. On T:1635 you reached level 4 of The Gnomish Mines. Latest messages: You hear a nearby zap. The wand hits you! [HP-11=30] You hear a nearby zap. The wand hits you! It is hit! It is destroyed! [HP-17=13] [HP+1=14] You hear crashing rock. You smite the gnomish wizard! The gnomish wizard points all around, then curses. You kill the gnomish wizard! [HP+1=15] [HP+1=16] You hear crashing rock. (2x) [HP+1=17] [HP+1=18] You smite the dwarf lord! The dwarf lord swings his pick-axe. The dwarf lord hits! The dwarf lord swings his pick-axe. The dwarf lord hits! You die... The sack is empty. Final status: Goodbye wvc the Barbarian... You died in The Gnomish Mines on dungeon level 6 with 2630 points, and 51 pieces of gold, after 1675 moves. You were level 7 with a maximum of 75 hit points when you died.